 Dungeon Crawl Stone Soup version 0.22.1-2-g9c5b331383 (webtiles) character file.

179 Naru the Skirmisher (level 5, -2/48 HPs)
             Began as a Minotaur Fighter on Dec 28, 2018.
             Killed from afar by an orc wizard (5 damage)
             ... with a magic dart
             ... on level 3 of the Dungeon.
             The game lasted 00:03:53 (2542 turns).

Naru the Skirmisher (Minotaur Fighter)              Turns: 2542, Time: 00:03:54

Health: -2/48      AC:  6    Str: 27    XL:     5   Next: 33%
Magic:  4/4        EV:  7    Int:  5    God:
Gold:   106        SH: 10    Dex:  9    Spells: 4/4 levels left

rFire    . . .     SeeInvis .   a - +0 long sword
rCold    . . .     Gourm    .   c - +0 shield
rNeg     . . .     Faith    .   b - +0 scale mail
rPois    .         Spirit   .   (helmet restricted)
rElec    .         Reflect  .   (no cloak)
rCorr    .         Harm     .   (no gloves)
MR       .....                  (no boots)
Stlth    ..........             (no amulet)
HPRegen  0.16/turn              (no ring)
MPRegen  0.09/turn              (no ring)

@: mighty
A: retaliatory headbutt, horns 2
a: no special abilities


You were on level 3 of the Dungeon.
You were not hungry.

You visited 1 branch of the dungeon, and saw 3 of its levels.

You collected 106 gold pieces.

Inventory:

Hand Weapons
 a - a +0 long sword (weapon)
Missiles
 g - 15 arrows
 h - 30 poisoned needles
Armour
 b - a +0 scale mail (worn)
 c - a +0 shield (worn)
Jewellery
 m - a +3 ring of protection {unknown}
 p - an uncursed ring of see invisible {unknown}
 q - an uncursed amulet of faith {unknown}
Scrolls
 j - 3 scrolls of identify {unknown}
 k - a scroll of magic mapping {unknown}
 l - 3 scrolls of teleportation {unknown}
 o - a scroll of remove curse {unknown}
 r - a scroll of immolation {unknown}
Potions
 e - 2 potions of agility {unknown}
 i - a potion of mutation {unknown}
 n - a potion of brilliance {unknown}
 t - a potion of resistance {unknown}
Comestibles
 f - 3 rations
 s - 2 chunks of flesh


   Skills:
 * Level 5.5 Fighting
 * Level 5.3 Long Blades
 - Level 3.6 Armour
 - Level 3.6 Shields


You had 4 spell levels left.
You didn't know any spells.
Your spell library was empty.

Dungeon Overview and Level Annotations

Branches:
Dungeon (3/15)

Altars:
Nemelex Xobeh


Innate Abilities, Weirdness & Mutations

You reflexively headbutt those who attack you in melee.
You have a pair of horns on your head.


Message History

You closely miss the orc priest. You headbutt the orc priest.
The orc priest is severely wounded.
The orc priest barely misses you. The orc priest closely misses you.
You furiously retaliate!
You headbutt the orc priest.
You kill the orc priest!
You swing at nothing.
You hit the orc.
The orc is severely wounded.
You block the orc's attack.
You closely miss the orc wizard. You block the orc wizard's attack.
You barely miss the orc wizard. The orc wizard barely misses you.
Your scale mail prevents you from hitting the orc wizard.
The orc wizard points at you and mumbles some strange words.
The magic dart hits you!
* * * LOW HITPOINT WARNING * * *
You hit the orc wizard but do no damage.
Your headbutt misses the orc wizard.
The orc wizard points at you and mumbles some strange words.
The magic dart hits you!
You die...

#.#.8#.#..'.+..#.#..
#.#..#.#..#.#).#.#.. ..
#.#'##.#'##.#'##.#+# #.
#...................
#.###.#+##.#'##.#+##.#'# #
..##.#..#.#..#.#..#.#.. ..#
#.##.#..'.'..#.#..'.'.. ...###
#..#.####.####.####.###
#....###.(#oo@................
#|.)(..#.##################
#....#...# #..#............
#o.##..###.##### .....##.# ..#
.......##.# .# ..o......##.#
.# .........##.. #


You could see an orc wizard and an orc.

Vanquished Creatures
  A jelly (D:3)
  An orc priest (D:3)
  Terence (D:2)
  3 adders (D:2)
  2 dart slugs (D:1)
  2 orcs (D:3)
  8 bats
  7 giant cockroaches
  10 goblins
  6 hobgoblins
  3 jackals (D:1)
  2 quokkas
  A ball python (D:2)
  3 frilled lizards
  4 kobolds
  7 rats
61 creatures vanquished.

Notes
Turn   | Place    | Note
-------+----------+-------------------------------------------
     0 | D:1      | Naru the Minotaur Fighter began the quest for the Orb.
     0 | D:1      | Reached XP level 1. HP: 19/19 MP: 0/0
   145 | D:1      | Reached XP level 2. HP: 27/27 MP: 1/1
   776 | D:1      | Reached XP level 3. HP: 34/34 MP: 2/2
  1439 | D:2      | Noticed Terence
  1451 | D:2      | Reached skill level 5 in Fighting
  1459 | D:2      | Killed Terence
  1459 | D:2      | Reached XP level 4. HP: 35/42 MP: 3/3
  1616 | D:2      | Found a sparkling altar of Nemelex Xobeh.
  2030 | D:3      | Reached XP level 5. HP: 6/48 MP: 4/4
  2408 | D:3      | Reached skill level 5 in Long Blades
  2542 | D:3      | Killed from afar by an orc wizard

Skill      XL: |  1  2  3  4  5 |
---------------+----------------+-----
Fighting       | 4 5 |  5.5
Long Blades    | 3 4 5 |  5.3
Armour         | |  3.6
Shields        | |  3.6

Action                   |  1- 3 |  4- 6 || total
-------------------------+-------+-------++-------
Melee: Long sword        |    95 |    58 ||   153
       Headbutt          |    14 |     7 ||    21
  Use: Potion            |       |     1 ||     1
  Eat: Chunk             |     2 |     1 ||     3
       Ration            |       |     1 ||     1
Armor: Scale mail        |    40 |    23 ||    63
Dodge: Dodged            |    30 |    16 ||    46
Block: Shield            |    55 |    40 ||    95
       Rpst.: Long sword |     9 |     4 ||    13
